 Dungeon Crawl Stone Soup version 0.27-a0-887-gcab673c142 (webtiles) character file.

Game seed: 4009727129291853827

34 Hasart the Shield-Bearer (level 3, 0/30 HPs)
             Began as a Demigod Fighter on Apr 4, 2021.
             Slain by a gnoll
             ... wielding a +0 whip
              (6 damage)
             ... on level 2 of the Dungeon.
             The game lasted 00:01:59 (987 turns).

Hasart the Shield-Bearer (Demigod Fighter)           Turns: 987, Time: 00:01:59

Health: 0/30       AC:  6    Str: 21    XL:     3   Next: 1%
Magic:  5/5        EV:  7    Int: 10    God:
Gold:   37         SH:  9    Dex: 13    Spells: 2/2 levels left

rFire    . . .     SeeInvis .   a - +0 war axe
rCold    . . .     Faith    .   c - +0 kite shield
rNeg     . . .     Spirit   .   b - +0 scale mail
rPois    .         Reflect  .   (no helmet)
rElec    .         Harm     .   (no cloak)
rCorr    .         Rampage  .   (no gloves)
Will     .....                  (no boots)
Stlth    ..........             (no amulet)
HPRegen  0.10/turn              (no ring)
MPRegen  0.09/turn              (no ring)

@: no status effects
A: high mp 1, forlorn
a: no special abilities


You were on level 2 of the Dungeon.
You visited 1 branch of the dungeon, and saw 2 of its levels.

You collected 37 gold pieces.

Inventory:

Hand Weapons
 a - a +0 war axe (weapon)
Missiles
 g - 15 poisoned darts (quivered)
Armour
 b - a +0 scale mail (worn)
 c - a +0 kite shield (worn)
Potions
 d - a potion of might
 e - a potion of lignification {unknown}


   Skills:
 + Level 2.9 Fighting
 * Level 2.5 Axes
 + Level 0.0 Throwing
 + Level 3.0 Armour
 + Level 3.0 Shields


You had 2 spell levels left.
You didn't know any spells.
Your spell library was empty.

Dungeon Overview and Level Annotations

Branches:
Dungeon (2/15)


Innate Abilities, Weirdness & Mutations

Your attributes grow dramatically as you level up.
You have an increased reservoir of magic. (+10% MP)
You shall have no god before yourself.


Message History

The goblin is heavily wounded.
You hit the kobold. You block the bat's attack.
A goblin comes into view. It is wielding a +0 dagger.
You block the goblin's attack. You block the kobold's attack.
The goblin hits you but does no damage.
The kobold hits you with a +0 short sword.
You closely miss the goblin.
The goblin is heavily wounded.
You closely miss the bat.
The goblin shouts!
You hit the kobold.
You kill the kobold!
You hit the kobold. The bat barely misses you. You block the kobold's attack.
You block the goblin's attack. The bat hits you but does no damage.
The gnoll hits you with a +0 whip.
You have reached level 3!
Your experience leads to a dramatic increase in your attributes!
Increase (S)trength, (I)ntelligence, or (D)exterity?
You feel stronger. x4
Unknown command.
You closely miss the goblin.
The goblin is heavily wounded.
You miss the goblin. You hit the bat.
You kill the bat!
You closely miss the kobold. You slash the gnoll!
The kobold hits you but does no damage. You block the goblin's attack.
The gnoll hits you from afar with a +0 spear.
The goblin hits you but does no damage. You block the gnoll's attack.
The goblin hits you but does no damage. The kobold barely misses you.
You block the gnoll's attack. The goblin hits you with a +0 dagger.
You hit the goblin.
You kill the goblin!
You slash the goblin!
You kill the goblin!
You barely miss the kobold. You hit the gnoll. The gnoll barely misses you.
You block the kobold's attack.
The gnoll hits you from afar with a +0 spear.
* * * LOW HITPOINT WARNING * * *
The gnoll hits you with a +0 whip.
You die...

........... .........
##.....#.###
...........###
............
.####.#...[.#
......)†).######.# #.##
#####@K........#
#....#<..)#gg.######
#....#.#gg...# ###.#
#..#.#.#..#..##......
.....#.#.#........g....
#.###.#.#.#...#.........
.. #.#.#.#.............
. #.#...#.#....#......
#.#####......#......


You could see 4 gnolls and a kobold.

Vanquished Creatures
  A gnoll (D:1)
  A dart slug (D:1)
  5 bats
  An endoplasm (D:1)
  4 giant cockroaches (D:1)
  3 goblins
  4 jackals (D:1)
  2 kobolds
21 creatures vanquished.

Notes
Turn   | Place    | Note
-------+----------+-------------------------------------------
     0 | D:1      | Hasart the Demigod Fighter began the quest for the Orb.
     0 | D:1      | Reached XP level 1. HP: 18/18 MP: 3/3
   181 | D:1      | Reached XP level 2. HP: 18/25 MP: 4/4
   986 | D:2      | Reached XP level 3. HP: 16/30 MP: 5/5
   987 | D:2      | Slain by a gnoll

Illustrated notes

Levels and vault maps discovered:
D:1:      amcnicky_arrival_choice, layout_loops_ring, basic_ecumenical_altar,
          chequers_serial_rivers_micro_a
D:2:      minmay_razor_zed, layout_basic, kennysheep_generic_room_11

Skill      XL: |  1  2 |
---------------+-------+-----
Axes           | 2 |  2.5
Shields        | 3 |  3.0
Armour         | 3 |  3.0
Fighting       | |  2.9

Action                   || total
-------------------------++-------
Melee: War axe           ||    75
  Use: Scroll            ||     1
Armor: Scale mail        ||    51
Dodge: Dodged            ||    35
Block: Kite shield       ||    56

Table legend: (Time is in decaauts)
 A = Elapsed time spent in this place.
 B = Non-inter-level travel time spent in this place.
 C = Inter-level travel time spent in this place.
 D = Time resting spent in this place.
 E = Time spent auto-exploring this place.
 F = Levels seen in this place.
 G = Mean time per level.
                   A        B        C        D        E       F      G
               +--------+--------+--------+--------+--------+-----+--------+
         Total |   1034 |   1018 |     16 |      0 |    834 |   2 |  517.0 |
       Dungeon |   1034 |   1018 |     16 |      0 |    834 |   2 |  517.0 |
               +--------+--------+--------+--------+--------+-----+--------+

Top non-repeatable levels by time:
     D:1: 1013 daAuts
     D:2: 21 daAuts
